 Dungeon Crawl Stone Soup version 0.31-a0-1616-gbeaec30b81 (webtiles) character file.

Game seed: 18153114503244484102

48141 jlumianski the Grappler (level 14, 0/102 (109) HPs)
             Began as a Gnoll Shapeshifter on Jan 10, 2024.
             Was a High Priest of Wu Jian.
             Slain by a spectral anaconda (10 damage)
             ... on level 5 of the Lair of Beasts on Jan 11, 2024.
             The game lasted 02:07:15 (24377 turns).

jlumianski the Grappler (Gnoll Shapeshifter)       Turns: 24377, Time: 02:07:18

HP:   0/102 (109)   AC: 13    Str: 20    XL:     14   Next: 45%
MP:   27/27         EV: 17    Int: 17    God:    Wu Jian [*****.]
Gold: 1554          SH:  5    Dex: 12    Spells: 7/32 levels left

rFire   + .          .
                       - Unarmed
rCold   . . .        (shield currently unavailable)
rNeg    . . .        t - melded +0 chain mail
rPois   .            k - +2 helmet
rElec   .            Y - +2 cloak
rCorr   .            w - +2 pair of gloves
SInv    .            L - +2 pair of boots
Will    +....        r - amulet of reflection
Stlth   ++           D - ring "Otikh" {Wiz ^Contam rF+ Str+3}
HPRegen 0.37/turn    Q - +6 ring of intelligence
MPRegen 0.20/turn

%: reflection, wizardry (x1)
@: flux-form, glowing, constricted, drained
A: glow, contaminating, fangs 1, strong nose, distributed training
a: Begin Untransformation, Renounce Religion, Wall Jump, Serpent's Lash,
Heavenly Storm


You were on level 5 of the Lair of Beasts.
You worshipped Wu Jian.
Wu Jian was extremely pleased with you.
You were something dangerously unstable.
You visited 4 branches of the dungeon, and saw 21 of its levels.
You also visited: Sewer, Ossuary and Bailey.

You collected 1554 gold pieces.

Inventory:

Armour
 k - a +2 helmet (worn)
 t - a +0 chain mail (melded)
 w - a +2 pair of gloves (worn)
 L - a +2 pair of boots (worn)
 Y - a +2 cloak (worn)
Jewellery
 a - an amulet of regeneration
 q - a ring of see invisible
 r - an amulet of reflection (around neck)
 C - a ring of positive energy
 D - the ring "Otikh" (left hand) {Wiz ^Contam rF+ Str+3}
   (You acquired it on level 10 of the Dungeon)

   [ring of wizardry]

   Wiz:       It improves your spell success rate.
   Str+3:     It affects your strength (+3).
   rF+:       It protects you from fire.
   ^Contam:   It causes magical contamination when unequipped.
 E - a ring of fire
 Q - a +6 ring of intelligence (right hand)
 R - a ring of flight
 V - a ring of poison resistance
Talismans
 d - a flux talisman (active)
Wands
 p - a wand of flame (36) (quivered)
 u - a wand of roots (8)
 v - a wand of quicksilver (10)
 S - a wand of paralysis (16)
 T - a wand of digging (2)
Scrolls
 c - a scroll of vulnerability
 e - 2 scrolls of blinking
 g - 9 scrolls of teleportation
 x - 6 scrolls of fog
 G - 2 scrolls of fear
 J - a scroll of summoning
 P - 3 scrolls of poison
Potions
 b - 3 potions of lignification
 f - 2 potions of mutation
 i - 3 potions of berserk rage
 l - 6 potions of enlightenment
 o - 6 potions of curing
 s - 2 potions of might
 A - 3 potions of resistance
 B - 3 potions of cancellation
 H - a potion of ambrosia
 K - 3 potions of haste
 M - 3 potions of magic
 O - 3 potions of heal wounds


   Skills:
 + Level 9.9 Fighting
 + Level 9.6 Short Blades
 + Level 9.6 Long Blades
 + Level 9.6 Axes
 + Level 9.6 Maces & Flails
 + Level 9.6 Polearms
 + Level 9.6 Staves
 + Level 9.6 Ranged Weapons
 + Level 9.6 Throwing
 + Level 9.6 Armour
 + Level 10.6 Dodging
 + Level 9.6 Stealth
 + Level 9.6 Shields
 + Level 11.5 Unarmed Combat
 + Level 9.6 Spellcasting
 + Level 8.0 Conjurations
 + Level 8.0 Hexes
 + Level 8.0 Summonings
 + Level 8.0 Necromancy
 + Level 8.0 Translocations
 + Level 8.0 Fire Magic
 + Level 8.0 Ice Magic
 + Level 8.0 Air Magic
 + Level 8.0 Earth Magic
 + Level 8.0 Alchemy
 + Level 10.4 Invocations
 + Level 9.6 Evocations
 + Level 10.9 Shapeshifting


You had 7 spell levels left.
You knew the following spells:

 Your Spells              Type           Power      Damage    Failure   Level
a - Ensorcelled Hibernat  Hex/Ice        70%        N/A       1%          2
b - Blink                 Tloc           70%        N/A       1%          2
c - Call Imp              Summ           70%        N/A       1%          2
d - Passwall              Erth           35%        N/A       1%          3
e - Magic Dart            Conj           100%       1d8       1%          1
f - Irradiate             Conj/Alch      17%        3d17      3%          5
g - Alistair's Intoxicat  Alch           23%        N/A       3%          5
h - Borgnjor's Vile Clut  Necr/Erth      17%        N/A       3%          5

Your spell library contained the following spells:

 Spells                   Type           Power      Damage    Failure   Level
 Apportation              Tloc           70%        N/A       1%          1
 Shock                    Conj/Air       100%       1d9       1%          1
 Jinxbite                 Hex            70%        N/A       1%          2
 Sublimation of Blood     Necr           35%        N/A       1%          2
 Call Canine Familiar     Summ           35%        N/A       1%          3
 Sigil of Binding         Hex            35%        N/A       1%          3
 Swiftness                Air            35%        N/A       1%          3
 Airstrike                Air            17%        2d(3-19)  1%          4
 Dimensional Bullseye     Hex/Tloc       17%        N/A       1%          4
 Petrify                  Alch/Erth      35%        N/A       1%          4
 Eringya's Noxious Bog    Alch           17%        4d6       21%         6


Dungeon Overview and Level Annotations

Branches:
Dungeon (13/15)            Temple (1/1) D:5            Lair (5/5) D:9
 Shoals (0/4) Lair:3        Snake (0/4) Lair:3        Slime (0/5) Lair:4
    Orc (2/2) D:10          Sewer (visited)         Ossuary (visited)
 Bailey (visited)
    Elf: Orc:2       Vaults: D:13-14

Altars:
Ashenzari
Cheibriados
Dithmenos
Elyvilon
Fedhas
Gozag
Hepliaklqana
Kikubaaqudgha
Makhleb
Nemelex Xobeh
Okawaru
Qazlal
Ru
Sif Muna
Trog
Uskayaw
Vehumet
Wu Jian
Xom
Yredelemnul
Zin
The Shining One
Jiyva

Shops:
Orc:1 *

Annotations:
Lair:5 exclusions: obsidian statue and oklob plant
Orc:2 Rupert


Innate Abilities, Weirdness & Mutations

You are something dangerously unstable.
You glow with magical radiation, making you easy to see and hit.
Foes you strike become dangerously contaminated with magical radiation.
You are incapable of wielding weapons or throwing items.
You have very sharp teeth.
Your uncanny sense of smell can sniff out nearby items.
Your experience applies equally to all skills.


Message History

You bite the spectral anaconda, but do no damage.
The spectral anaconda is lightly damaged.
The spectral anaconda bites you.
You feel drained. The spectral anaconda constricts you.
The dire elephant tramples you.
You are held in place!
The dire elephant closely misses you.
You punch the spectral anaconda!
The spectral anaconda shudders as magic cascades through it!
Your bite misses the spectral anaconda.
The spectral anaconda is moderately damaged.
You block the spectral anaconda's attack.
The spectral anaconda constricts you.
The necromancer casts a spell.
The necromancer binds the souls of nearby monsters.
The spectral anaconda completely misses you.
The spectral anaconda constricts you.
You punch the spectral anaconda!
The spectral anaconda begins to glow.
Your bite misses the spectral anaconda.
The spectral anaconda is moderately damaged.
The spectral anaconda bites you but does no damage.
The spectral anaconda constricts you. The dire elephant tramples you!
You are held in place!
The dire elephant barely misses you.
You barely miss the spectral anaconda.
You bite the spectral anaconda, but do no damage.
The spectral anaconda is moderately damaged.
The spectral anaconda bites you but does no damage.
The spectral anaconda constricts you. The dire elephant tramples you!!
You are held in place!
The dire elephant trunk-slaps you but does no damage.
The spectral anaconda bites you!
* * * LOW HITPOINT WARNING * * *
You feel drained. The spectral anaconda constricts you.
The necromancer hits you with a +0 dagger.
* * * LOW HITPOINT WARNING * * *
You feel much better. The spectral anaconda bites you.
You feel drained. The spectral anaconda constricts you.
The dire elephant tramples you!!
* * * LOW HITPOINT WARNING * * *
You are held in place!
The dire elephant trunk-slaps you but does no damage.
The necromancer closely misses you. The spectral anaconda bites you!
You die...

~~≈≈~ #.#..#..P## ..~≈
##.#.P....## #..
#P.#.......#
##'####.##.......#
#8.8#P..#♣......P.
###...#.###........P
##.#..##.##..........
##..pYZ#..##..#P......
##.P.'p.#.##♣..##.#....
#....####.# ♣P.........
##...'....# #♣.........
#....'..######.........
#....#8..'.P.#♣........
#....#####..P#♣........
#....# #..P##........
#.P.## #...##........
#♣P.. #...##......P.


You could see a dire elephant (soul bound), a spectral anaconda (contam) and a
necromancer.

Vanquished Creatures
  The ghost of avangion the Thaumaturge, a journeyman DECj of Vehumet (Lair:2)
  Erolcha (Orc:1)
  A centaur warrior (D:12)
  A catoblepas (Lair:3)
  3 two-headed ogres
  2 boulder beetles
  5 death yaks (Lair:5)
  A skyshark (Lair:5)
  2 spectral death yaks (Lair:5)
  An orc sorcerer (D:10)
  An ugly thing (D:12)
  15 elephants
  7 black mambas
  An eye of devastation (Lair:4)
  A torpor snail (Lair:5)
  7 cane toads
  3 rime drakes
  8 komodo dragons
  Maggie (Lair:1)
  A troll (D:12)
  3 burning bushes (Lair:4)
  A polar bear (Lair:1)
  A glass eye (Lair:4)
  A hornet (D:9)
  15 blink frogs
  A spectral elephant (Lair:5)
  A snapping turtle (Lair:3)
  5 slime creatures (D:11)
  A vampire (D:11)
  A water elemental (Lair:3)
  2 wraiths
  2 wyverns
  24 yaks
  A fire bat (D:7)
  5 basilisks
  2 wargs (Orc:1)
  6 vampire mosquitoes
  A steam dragon (D:7)
  Grum (Lair:1)
  A death yak simulacrum (Lair:5)
  An acid dragon (D:12)
  7 nagas (Lair:3)
  9 water moccasins
  5 orc warriors
  Pargi (Sewer)
  2 ice beasts
  A black bear (Lair:1)
  5 ogres
  8 centaurs
  3 phantoms (D:10)
  19 wolves
  3 elephant skeletons (Lair:5)
  6 kobold brigands
  A brain worm (Sewer)
  11 bullfrogs
  3 elf zombies (Ossuary)
  4 scorpions
  3 gnoll sergeants
  A cane toad simulacrum (Lair:5)
  A troll zombie (D:10)
  2 elephant simulacra (Lair:5)
  3 killer bees (D:10)
  2 howler monkeys (D:7)
  An electric eel (Lair:5)
  2 centaur zombies (Ossuary)
  4 human zombies (Ossuary)
  2 jellies
  3 hounds
  A bombardier beetle (D:3)
  11 orc priests
  An iguana (D:7)
  3 sleepcaps
  14 orc wizards
  A bullfrog simulacrum (Ossuary)
  A crocodile zombie (Ossuary)
  5 ogre zombies (D:10)
  3 mummies (Ossuary)
  25 gnolls
  8 adders
  3 dart slugs
  2 ribbon worms
  31 orcs
  9 endoplasms
  11 giant cockroaches
  9 goblins
  6 hobgoblins
  4 quokkas
  16 ball pythons
  3 bats (D:1)
  3 frilled lizards
  A gnoll skeleton (D:10)
  33 kobolds
  3 orc skeletons (D:10)
  11 orc zombies (D:10)
  8 rats
477 creatures vanquished.

Vanquished Creatures (collateral kills)
  A hydra (Lair:3)
  A two-headed ogre (D:12)
  A slime creature (D:11)
  A black mamba (Lair:2)
  A cane toad (Lair:2)
  A troll (D:10)
  A blink frog (Lair:3)
  A yak (D:10)
  A vampire mosquito (D:11)
  An orc warrior (D:10)
  An orc priest (D:9)
  3 gnolls
  4 orcs
  2 goblins (D:10)
  A gnoll skeleton (D:10)
  5 kobolds
  3 orc zombies (D:10)
29 creatures vanquished.

Vanquished Creatures (others)
  A kobold (D:9)
1 creature vanquished.

Grand Total: 507 creatures vanquished

Notes
Turn   | Place    | Note
-------+----------+-------------------------------------------
     0 | D:1      | jlumianski the Gnoll Shapeshifter began the quest for the
                  | Orb.
     0 | D:1      | Reached XP level 1. HP: 17/17 MP: 1/1
   207 | D:1      | Reached XP level 2. HP: 23/23 MP: 2/2
   444 | D:2      | Reached XP level 3. HP: 28/28 MP: 3/3
   759 | D:1      | Reached skill level 1 in Invocations
   864 | D:2      | Reached skill level 1 in Short Blades
   864 | D:2      | Reached skill level 1 in Long Blades
   864 | D:2      | Reached skill level 1 in Axes
   864 | D:2      | Reached skill level 1 in Maces & Flails
   864 | D:2      | Reached skill level 1 in Polearms
   864 | D:2      | Reached skill level 1 in Staves
   864 | D:2      | Reached skill level 1 in Ranged Weapons
   864 | D:2      | Reached skill level 1 in Throwing
   864 | D:2      | Reached skill level 1 in Armour
   864 | D:2      | Reached skill level 1 in Stealth
   864 | D:2      | Reached skill level 1 in Shields
   864 | D:2      | Reached skill level 1 in Spellcasting
   864 | D:2      | Reached skill level 1 in Evocations
   990 | D:3      | Reached XP level 4. HP: 34/34 MP: 5/5
  1198 | D:3      | Found a hide-covered altar of Uskayaw.
  1333 | D:3      | Reached skill level 1 in Conjurations
  1333 | D:3      | Reached skill level 1 in Hexes
  1333 | D:3      | Reached skill level 1 in Summonings
  1333 | D:3      | Reached skill level 1 in Necromancy
  1333 | D:3      | Reached skill level 1 in Translocations
  1333 | D:3      | Reached skill level 1 in Fire Magic
  1333 | D:3      | Reached skill level 1 in Ice Magic
  1333 | D:3      | Reached skill level 1 in Air Magic
  1333 | D:3      | Reached skill level 1 in Earth Magic
  1333 | D:3      | Reached skill level 1 in Alchemy
  1482 | D:3      | Reached XP level 5. HP: 38/40 MP: 7/7
  1779 | D:3      | Found a bloodstained altar of Trog.
  2143 | D:2      | Reached skill level 5 in Dodging
  2143 | D:2      | Reached XP level 6. HP: 11/47 MP: 7/9
  2606 | D:3      | Found the +5 woodcutter's axe
  2796 | D:4      | Found a shadowy altar of Dithmenos.
  2907 | D:5      | Entered Level 5 of the Dungeon
  2933 | D:4      | Found an ancient bone altar of Kikubaaqudgha.
  2933 | D:4      | Found a sacrificial altar of Ru.
  3059 | D:5      | Noticed a yak
  3059 | D:5      | Noticed a yak
  3061 | D:5      | Noticed a yak
  3061 | D:5      | Noticed a yak
  3061 | D:5      | Noticed a yak
  3101 | D:4      | Killed a yak
  3102 | D:4      | Reached skill level 7 in Unarmed Combat
  3102 | D:4      | Reached XP level 7. HP: 22/52 MP: 10/10
  3234 | D:4      | Killed a yak
  3352 | D:4      | Killed a yak
  3397 | D:4      | Killed a yak
  3398 | D:4      | Reached XP level 8. HP: 26/60 MP: 12/12
  3416 | D:5      | Killed a yak
  3451 | D:5      | Found a sand-covered staircase.
  3502 | Ossuary  | Entered an ossuary
  4012 | D:5      | Found an iron altar of Okawaru.
  4049 | D:4      | Reached XP level 9. HP: 50/66 MP: 14/14
  4813 | D:5      | Found an opulent altar of Gozag.
  5165 | D:6      | Found a glowing drain.
  5195 | D:6      | Reached skill level 5 in Fighting
  5232 | Sewer    | Entered a sewer
  5266 | Sewer    | Noticed Pargi
  5274 | Sewer    | Killed Pargi
  5353 | Sewer    | Learned a level 2 spell: Ensorcelled Hibernation
  5523 | D:7      | Found a radiant altar of Vehumet.
  5538 | D:7      | Reached skill level 8 in Unarmed Combat
  6304 | D:7      | Reached skill level 5 in Invocations
  6340 | D:8      | Noticed a two-headed ogre
  7064 | D:7      | Found a shimmering altar of Xom.
  7083 | D:7      | Reached skill level 5 in Short Blades
  7083 | D:7      | Reached skill level 5 in Long Blades
  7083 | D:7      | Reached skill level 5 in Axes
  7083 | D:7      | Reached skill level 5 in Maces & Flails
  7083 | D:7      | Reached skill level 5 in Polearms
  7083 | D:7      | Reached skill level 5 in Staves
  7083 | D:7      | Reached skill level 5 in Ranged Weapons
  7083 | D:7      | Reached skill level 5 in Throwing
  7083 | D:7      | Reached skill level 5 in Armour
  7083 | D:7      | Reached skill level 5 in Stealth
  7083 | D:7      | Reached skill level 5 in Shields
  7083 | D:7      | Reached skill level 5 in Spellcasting
  7083 | D:7      | Reached skill level 5 in Evocations
  7083 | D:7      | Reached XP level 10. HP: 66/76 MP: 17/17
  7214 | D:7      | Learned a level 2 spell: Blink
  7217 | D:7      | Learned a level 2 spell: Call Imp
  7757 | D:8      | Found a burning altar of Makhleb.
  7816 | D:9      | Noticed an elephant
  7816 | D:9      | Found a staircase to the Lair.
  7846 | D:8      | Found a broken altar of Ashenzari.
  7901 | D:8      | Learned a level 3 spell: Passwall
  8248 | D:8      | Killed a two-headed ogre
  8713 | D:8      | Found a basalt altar of Yredelemnul.
  8835 | D:8      | Killed an elephant
  9227 | D:10     | Entered Level 10 of the Dungeon
  9466 | D:9      | Reached skill level 9 in Unarmed Combat
  9501 | D:9      | Reached skill level 5 in Conjurations
  9501 | D:9      | Reached skill level 5 in Hexes
  9501 | D:9      | Reached skill level 5 in Summonings
  9501 | D:9      | Reached skill level 5 in Necromancy
  9501 | D:9      | Reached skill level 5 in Translocations
  9501 | D:9      | Reached skill level 5 in Fire Magic
  9501 | D:9      | Reached skill level 5 in Ice Magic
  9501 | D:9      | Reached skill level 5 in Air Magic
  9501 | D:9      | Reached skill level 5 in Earth Magic
  9501 | D:9      | Reached skill level 5 in Alchemy
  9582 | D:10     | Reached XP level 11. HP: 81/83 MP: 20/20
  9605 | D:10     | Found a flagged portal.
  9649 | Bailey   | Entered a bailey
 10663 | D:10     | Found a staircase to the Orcish Mines.
 10871 | D:9      | Found a hazy altar of Hepliaklqana.
 11302 | D:5      | Found a staircase to the Ecumenical Temple.
 11310 | Temple   | Entered the Ecumenical Temple
 11333 | Temple   | Became a worshipper of the Wu Jian Council
 11409 | D:5      | Learned a level 1 spell: Magic Dart
 11777 | D:10     | Identified a scroll of acquirement
 11777 | D:10     | Acquired the ring "Otikh" {Wiz ^Contam rF+ Str+3}
 12458 | D:12     | Noticed a two-headed ogre
 12467 | D:12     | Killed a two-headed ogre
 12475 | D:12     | Noticed a two-headed ogre
 13188 | D:11     | Noticed a two-headed ogre
 13196 | D:11     | Killed a two-headed ogre
 13406 | D:12     | Noticed a boulder beetle
 13445 | D:12     | Killed a boulder beetle
 13511 | D:12     | Noticed a cyan ugly thing
 13522 | D:12     | Killed a red ugly thing
 13651 | D:11     | Reached * piety under Wu Jian
 13769 | D:12     | Killed a two-headed ogre
 14081 | D:11     | Reached XP level 12. HP: 72/91 MP: 22/22
 14234 | D:11     | Learned a level 5 spell: Irradiate
 14536 | D:12     | Found a glowing golden altar of the Shining One.
 14559 | D:12     | Noticed a centaur warrior
 14569 | D:12     | Killed a centaur warrior
 15359 | D:10     | Reached skill level 10 in Unarmed Combat
 15395 | Orc:1    | Entered Level 1 of the Orcish Mines
 15835 | Orc:1    | Paralysed by an orc sorcerer for 4 turns
 15839 | Orc:1    | Noticed a soul eater
 15862 | D:10     | Learned a level 5 spell: Alistair's Intoxication
 15868 | D:10     | Learned a level 5 spell: Borgnjor's Vile Clutch
 16062 | Orc:1    | Noticed Erolcha
 16071 | Orc:1    | Paralysed by Erolcha for 5 turns
 16076 | Orc:1    | Killed Erolcha
 16278 | Orc:1    | Found Edghoecu's Assorted Antiques.
 16463 | Orc:2    | Entered Level 2 of the Orcish Mines
 16465 | Orc:2    | Noticed Rupert
 16470 | Orc:2    | Paralysed by Rupert for 3 turns
 16561 | Lair:1   | Entered Level 1 of the Lair of Beasts
 16610 | Lair:1   | Noticed Maggie
 16618 | Lair:1   | Killed Maggie
 16744 | Lair:1   | Noticed Grum
 16762 | Lair:1   | Killed Grum
 16767 | Lair:1   | Reached ** piety under Wu Jian
 17875 | Lair:2   | Noticed a boulder beetle
 17887 | Lair:2   | Killed a boulder beetle
 17888 | Lair:2   | Reached XP level 13. HP: 96/99 MP: 25/25
 17895 | Lair:2   | Reached skill level 10 in Shapeshifting
 18309 | Lair:2   | Upgraded the game from 0.31-a0-1612-g4aaf141004 to
                  | 0.31-a0-1616-gbeaec30b81
 18321 | Lair:2   | Found a runed translucent door.
 18327 | Lair:2   | Noticed avangion's ghost (journeyman DECj)
 18616 | Lair:2   | Killed avangion's ghost
 18832 | Lair:3   | Reached *** piety under Wu Jian
 19267 | Lair:3   | Found a staircase to the Snake Pit.
 19607 | Lair:3   | Found a staircase to the Shoals.
 20361 | Lair:3   | You fall into a shaft and drop 2 floors!
 20361 | Lair:5   | Entered Level 5 of the Lair of Beasts
 20639 | Lair:5   | Reached skill level 10 in Dodging
 20639 | Lair:5   | Reached skill level 11 in Unarmed Combat
 21932 | Lair:4   | Found a staircase to the Slime Pits.
 21932 | Lair:4   | Found a viscous altar of Jiyva.
 21953 | Lair:4   | Reached **** piety under Wu Jian
 22278 | Lair:4   | Reached XP level 14. HP: 83/108 MP: 27/27
 22358 | Lair:4   | Reached skill level 10 in Invocations
 23610 | Lair:5   | Noticed a dire elephant
 23611 | Lair:5   | Noticed a dire elephant
 23976 | Lair:5   | Reached ***** piety under Wu Jian
 24377 | Lair:5   | Slain by a spectral anaconda

Illustrated notes

Levels and vault maps discovered:
D:1:      zaba_arrival_water, layout_loops_ring, serial_park_tiny_2,
          minmay_misc_feat_more_columns, serial_park_tiny_1, st_stairs_2,
          minmay_pentomino_t2
D:2:      layout_rooms, dreamdust_mushroom_princess
D:3:      layout_loops_cross, mainiacjoe_overflow_tiny_flanked,
          mainiacjoe_overflow_small_starburst, grunt_ministairs_8,
          pf_guarded_unrand_woodcutter
D:4:      layout_layer_cave, grunt_dithmenos_smoke,
          nicolae_overflow_two_pavilions
D:5:      layout_basic, nicolae_gozag_cash_rules_everything_around_me,
          kennysheep_okawaru_gauntlet, minmay_temple_entry_crystal_x,
          enter_ossuary_1
D:6:      layout_layer_cave, gup_sewer_entry_glass
D:7:      layout_loops_corners, vehumet_crystals, regret_index_xom_of_box
D:8:      layout_gridville, mainiacjoe_overflow_catwalk,
          mainiacjoe_overflow_large_starburst
D:9:      layout_cave_pools, mainiacjoe_overflow_alcove_1, david_lair_generic,
          david_defended_altar_orc
D:10:     layout_small_grid, zombieorc1_lemuel, enter_bailey_4
D:11:     layout_roguey, serial_co_window_serial, co_window_paths_a,
          co_window_of_opportunity_a, co_window_paths_a,
          co_window_of_opportunity_a, co_window_corner_a,
          co_window_of_opportunity_b, co_window_2corner, co_window_broadway_a,
          co_window_2corner, co_window_paths_c, co_window_paths_d,
          co_window_4corner_a, glass_columns_b, glass_columns_a
D:12:     layout_gridville, minivault_10, tso_altar
D:13:     layout_irregular_city, lightli_vaults_fourway_checkpoint,
          kennysheep_generic_room_14
Temple:   nicolae_temple_figure_zero
Lair:1:   layout_regular_city, st_stairs_6, minivault_25, uniq_grum, uniq_maggie
Lair:2:   layout_misc_corridors, ebering_ghost_inner_flame
Lair:3:   layout_layer_cave, minmay_shoals_entry_hut,
          minmay_snake_entry_guardpost_large, serial_bayou_ford_a,
          lemuel_old_faithful, serial_bayou_shore_b, lemuel_fruit_tree
Lair:4:   layout_loops_ring, minmay_slime_entry_eyes, evilmike_ambush
          [evilmike_ambush_outer_doors, evilmike_ambush_inner_basic]
Lair:5:   due_jungle_book, layout_gridlike
Orc:1:    layout_caves, serial_shops, shop, uniq_erolcha
Orc:2:    pf_orc_diabolical, layout_caves, serial_shops,
          nicolae_shop_rolling_square, shop, nicolae_shop_window_shopping, shop,
          uniq_rupert

Skill      XL: |  1  2  3  4  5  6  7  8  9 10 11 12 13 14 |
---------------+-------------------------------------------+-----
Invocations    | 1 2 3 4 5 6 7 8 9 10 | 10.4
Short Blades   | 1 2 3 5 6 7 8 9 |  9.6
Long Blades    | 1 2 3 5 6 7 8 9 |  9.6
Axes           | 1 2 3 5 6 7 8 9 |  9.6
Maces & Flails | 1 2 3 5 6 7 8 9 |  9.6
Polearms       | 1 2 3 5 6 7 8 9 |  9.6
Staves         | 1 2 3 5 6 7 8 9 |  9.6
Ranged Weapons | 1 2 3 5 6 7 8 9 |  9.6
Throwing       | 1 2 3 5 6 7 8 9 |  9.6
Armour         | 1 2 3 5 6 7 8 9 |  9.6
Stealth        | 1 2 3 5 6 7 8 9 |  9.6
Shields        | 1 2 3 5 6 7 8 9 |  9.6
Spellcasting   | 1 2 3 5 6 7 8 9 |  9.6
Evocations     | 1 2 3 5 6 7 8 9 |  9.6
Conjurations   | 1 2 3 4 5 6 7 8 |  8.0
Hexes          | 1 2 3 4 5 6 7 8 |  8.0
Summonings     | 1 2 3 4 5 6 7 8 |  8.0
Necromancy     | 1 2 3 4 5 6 7 8 |  8.0
Translocations | 1 2 3 4 5 6 7 8 |  8.0
Fire Magic     | 1 2 3 4 5 6 7 8 |  8.0
Ice Magic      | 1 2 3 4 5 6 7 8 |  8.0
Air Magic      | 1 2 3 4 5 6 7 8 |  8.0
Earth Magic    | 1 2 3 4 5 6 7 8 |  8.0
Alchemy        | 1 2 3 4 5 6 7 8 |  8.0
Fighting       | 3 4 5 6 7 8 9 |  9.9
Dodging        | 5 6 7 8 9 10 | 10.6
Unarmed Combat | 7 8 9 10 11 | 11.5
Shapeshifting  | 7 8 9 10 | 10.9

Action                     |  1- 3 |  4- 6 |  7- 9 | 10-12 | 13-15 || total
---------------------------+-------+-------+-------+-------+-------++-------
  Melee: Unarmed           |    87 |    99 |   365 |   890 |   658 ||  2099
         Bite              |     7 |    10 |    64 |   144 |   107 ||   332
         Punch             |     1 |     4 |       |       |       ||     5
   Cast: Call Imp          |       |       |       |    59 |     9 ||    68
         Ensorcelled Hiber |       |       |       |     9 |       ||     9
         Blink             |       |       |       |     5 |     1 ||     6
         Passwall          |       |       |       |     3 |       ||     3
         Magic Dart        |       |       |       |     6 |    12 ||    18
         Irradiate         |       |       |       |     4 |     4 ||     8
         Alistair's Intoxi |       |       |       |     2 |     1 ||     3
         Borgnjor's Vile C |       |       |       |     1 |       ||     1
Ability: Lunge             |       |       |       |    19 |    26 ||    45
         Whirlwind         |       |       |       |    34 |    51 ||    85
         Wall Jump         |       |       |       |     8 |    44 ||    52
  Evoke: Wand              |       |     3 |     5 |     5 |       ||    13
    Use: Scroll            |     3 |     8 |     9 |     5 |     3 ||    28
         Potion            |     2 |       |     2 |     5 |     3 ||    12
   Stab: Sleeping          |     1 |       |       |     3 |     1 ||     5
         Distracted        |       |       |       |     3 |     1 ||     4
         Petrified         |       |       |       |       |    15 ||    15
         Petrifying        |       |       |       |       |     1 ||     1
 Armour: Animal skin       |    15 |       |       |       |       ||    15
         Ring mail         |    18 |     9 |       |       |       ||    27
         Chain mail        |       |    68 |    36 |       |       ||   104
         Skin              |       |       |    99 |   399 |   290 ||   788
  Dodge: Dodged            |    52 |    50 |   271 |   682 |   415 ||  1470
  Block: Other             |       |       |    11 |   179 |    81 ||   271
         Reflection        |       |       |       |     9 |     1 ||    10
   Form: Flux              |       |       |     1 |       |       ||     1

Table legend: (Time is in decaauts)
 A = Elapsed time spent in this place.
 B = Non-inter-level travel time spent in this place.
 C = Inter-level travel time spent in this place.
 D = Time resting spent in this place.
 E = Time spent auto-exploring this place.
 F = Levels seen in this place.
 G = Mean time per level.
                   A        B        C        D        E       F      G
               +--------+--------+--------+--------+--------+-----+--------+
         Total |  24297 |  23629 |    668 |   5075 |  10296 |  24 | 1012.4 |
       Dungeon |  14661 |  14159 |    502 |   2566 |   6671 |  13 | 1127.8 |
        Temple |     46 |     46 |      0 |      0 |      0 |   1 |   46.0 |
          Lair |   7789 |   7644 |    145 |   2050 |   3312 |   5 | 1557.8 |
  Orcish Mines |    633 |    614 |     19 |     76 |    276 |   2 |  316.5 |
         Sewer |    183 |    183 |      0 |      0 |     35 |   1 |  183.0 |
       Ossuary |    462 |    462 |      0 |    231 |      0 |   1 |  462.0 |
        Bailey |    521 |    521 |      0 |    152 |      0 |   1 |  521.0 |
               +--------+--------+--------+--------+--------+-----+--------+

Top non-repeatable levels by time:
  Lair:3: 2149 daAuts
  Lair:5: 2061 daAuts
     D:7: 1837 daAuts
    D:11: 1820 daAuts
    D:10: 1722 daAuts
  Lair:4: 1308 daAuts
    D:12: 1270 daAuts
  Lair:2: 1203 daAuts
     D:6: 1170 daAuts
     D:4: 1152 daAuts
     D:8: 1129 daAuts
     D:3: 1068 daAuts
  Lair:1: 1066 daAuts
     D:5: 979 daAuts
     D:9: 882 daAuts
